 Dungeon Crawl Stone Soup version 0.25.1-2-g60ff931df9 (webtiles) character file.

Game seed: 16536632693450424600

2874 AlexRAT the Fighter (level 9, 0/127 HPs)
             Began as a Minotaur Berserker on Aug 9, 2020.
             Was an Elder of Trog.
             Slain by a skeletal warrior
             ... wielding a +0 hand axe
             ... led by a skeletal warrior
              (12 damage)
             ... on level 7 of the Dungeon.
             The game lasted 00:13:35 (6882 turns).

AlexRAT the Fighter (Minotaur Berserker)            Turns: 6882, Time: 00:13:36

Health: 0/127      AC: 10    Str: 22    XL:     9   Next: 47%
Magic:  8/8        EV: 21    Int:  4    God:    Trog [****..]
Gold:   372        SH:  0    Dex: 13    Spells: 8/8 levels left

rFire    . . .     SeeInvis .   a - +0 broad axe
rCold    . . .     Gourm    .   (no shield)
rNeg     . . .     Faith    .   G - +2 steam dragon scales
rPois    .         Spirit   .   (helmet restricted)
rElec    .         Reflect  .   (no cloak)
rCorr    +         Harm     .   B - +0 pair of gloves
MR       .....                  (no boots)
Stlth    ..........             (no amulet)
HPRegen  0.31/turn              p - ring of resist corrosion
MPRegen  0.11/turn              z - +4 ring of evasion

@: berserking, very quick
A: retaliatory headbutt, horns 2
a: Berserk, Trog's Hand, Brothers in Arms, Renounce Religion


You were on level 7 of the Dungeon.
You worshipped Trog.
Trog was greatly pleased with you.
You were hungry.

You visited 1 branch of the dungeon, and saw 7 of its levels.

You collected 372 gold pieces.

Inventory:

Hand Weapons
 a - a +0 broad axe (weapon)
 b - a +1 hunting sling of flaming
Missiles
 d - 39 sling bullets
 t - 213 stones (quivered)
 y - 5 boomerangs of dispersal
Armour
 B - a +0 pair of gloves (worn)
 F - a +0 chain mail
 G - +2 steam dragon scales (worn)
Jewellery
 p - a ring of resist corrosion (left hand)
 q - an uncursed ring of flight
 z - a +4 ring of evasion (right hand)
Wands
 C - a wand of random effects (63)
Scrolls
 f - 3 scrolls of immolation {unknown}
 g - a scroll of enchant weapon {unknown}
 h - a scroll of magic mapping {unknown}
 j - 8 scrolls of identify {unknown}
 k - 6 scrolls of remove curse
 l - 3 scrolls of teleportation {unknown}
 n - 3 scrolls of amnesia {unknown}
 w - a scroll of noise {unknown}
 A - a scroll of fear {unknown}
Potions
 e - a potion of brilliance {unknown}
 i - 7 potions of curing {unknown}
 m - a potion of berserk rage {unknown}
 o - 2 potions of haste {unknown}
 r - a potion of resistance
 s - a potion of magic {unknown}
 u - 3 potions of stabbing {unknown}
 v - a potion of might {unknown}
 x - a potion of mutation {unknown}
 D - a potion of heal wounds {unknown}
 E - a potion of lignification {unknown}
 H - a potion of flight {unknown}
 I - a potion of invisibility {unknown}
 J - a potion of ambrosia {unknown}
Comestibles
 c - 6 rations
 K - 3 chunks of flesh


   Skills:
 + Level 9.7 Fighting
 - Level 3.6 Axes
 + Level 9.4 Armour
 + Level 8.6 Dodging


You had 8 spell levels left.
You didn't know any spells.
Your spell library was empty.

Dungeon Overview and Level Annotations

Branches:
Dungeon (7/15)
 Temple: D:4-7

Altars:
Gozag
Hepliaklqana
Makhleb
Nemelex Xobeh
Ru
Yredelemnul
The Shining One


Innate Abilities, Weirdness & Mutations

You reflexively headbutt those who attack you in melee.
You have a pair of horns on your head.


Message History

The skeletal warrior hits you with a +0 battleaxe!
* * * LOW HITPOINT WARNING * * *
The skeletal warrior misses you.
You hit the skeletal warrior but do no damage.
You headbutt the skeletal warrior!
The skeletal warrior is almost destroyed.
You barely miss the skeletal warrior.
The skeletal warrior closely misses you.
You slash the skeletal warrior!
You feel the power of Trog in you as your rage grows.
You destroy the skeletal warrior!
Trog accepts your kill.
Your Armour skill increases to level 9!
You closely miss the skeletal warrior.
The skeletal warrior hits you but does no damage.
The skeletal warrior hits you from afar with a +0 glaive!
* * * LOW HITPOINT WARNING * * *
A bullfrog comes into view.
The skeletal warrior hits you with a +0 hand axe!
You die...

..........# ..####.###
+#
##########.####.########
...#...................
...#..................
.<.#..#######'####..#
.###..##..###.####..##..
.#.........#...#zz....F.
.#.........#...'@.......
.'.........#...#........
.#..####+####+####..####
##### ..# ... .... ....
....


You could see 2 skeletal warriors and a bullfrog.

Vanquished Creatures
  A skeletal warrior (D:7)
  Maggie (D:6)
  Sigmund (D:3)
  A water moccasin (D:6)
  An orc warrior (D:6)
  2 sky beasts
  A centaur (D:6)
  2 ogres
  4 bullfrogs
  A scorpion (D:6)
  3 howler monkeys
  2 crimson imps
  3 centaur skeletons (D:6)
  A centaur zombie (D:6)
  3 hounds
  An orc priest (D:4)
  A jelly (D:5)
  5 orc wizards
  A bullfrog skeleton (D:6)
  An iguana (D:4)
  Terence (D:3)
  3 worker ants
  A hound skeleton (D:6)
  A hound zombie (D:6)
  3 gnolls (D:5)
  7 adders
  2 shadow imps (D:5)
  A white imp (D:4)
  2 oozes
  3 adder zombies (D:5)
  An adder skeleton (D:6)
  A worm (D:5)
  7 leopard geckos
  9 orcs
  5 giant cockroaches
  10 goblins
  11 hobgoblins
  8 jackals
  2 quokkas
  3 ball pythons
  10 bats
  4 frilled lizards
  A jackal skeleton (D:6)
  8 kobolds
  2 leopard gecko skeletons
  A quokka zombie (D:6)
  6 rats
149 creatures vanquished.

Notes
Turn   | Place    | Note
-------+----------+-------------------------------------------
     0 | D:1      | AlexRAT the Minotaur Berserker began the quest for the Orb.
     0 | D:1      | Reached XP level 1. HP: 19/19 MP: 0/0
    42 | D:1      | Reached XP level 2. HP: 20/27 MP: 1/1
   330 | D:1      | Reached XP level 3. HP: 33/33 MP: 2/2
   497 | D:1      | Reached ** piety under Trog
   965 | D:2      | Found a glowing golden altar of the Shining One.
   998 | D:2      | Found a burning altar of Makhleb.
  1007 | D:2      | Reached XP level 4. HP: 11/41 MP: 3/3
  1633 | D:2      | Found an opulent altar of Gozag.
  1644 | D:2      | You fall into a shaft and drop 2 floors!
  1774 | D:4      | Reached XP level 5. HP: 37/47 MP: 4/4
  1795 | D:4      | Reached skill level 5 in Fighting
  1933 | D:4      | Reached XP level 6. HP: 56/56 MP: 5/5
  1989 | D:4      | Reached skill level 5 in Armour
  1995 | D:3      | Reached *** piety under Trog
  2136 | D:3      | Noticed Terence
  2143 | D:3      | Killed Terence
  2432 | D:3      | Noticed Sigmund
  2443 | D:3      | Killed Sigmund
  2443 | D:3      | Reached skill level 5 in Dodging
  2443 | D:3      | Reached XP level 7. HP: 63/63 MP: 6/6
  2544 | D:3      | Found a sparkling altar of Nemelex Xobeh.
  3884 | D:5      | Entered Level 5 of the Dungeon
  4077 | D:5      | Found a sacrificial altar of Ru.
  4081 | D:5      | Found a hazy altar of Hepliaklqana.
  4395 | D:5      | Reached **** piety under Trog
  5093 | D:5      | Reached XP level 8. HP: 73/73 MP: 7/7
  5526 | D:6      | Noticed Maggie
  5539 | D:6      | Killed Maggie
  5562 | D:6      | Found a sacrificial altar of Ru.
  5623 | D:6      | Found a basalt altar of Yredelemnul.
  6185 | D:6      | Reached XP level 9. HP: 78/82 MP: 8/8
  6872 | D:7      | Noticed a skeletal warrior
  6872 | D:7      | Noticed a skeletal warrior
  6872 | D:7      | Noticed a skeletal warrior
  6881 | D:7      | Killed a skeletal warrior
  6882 | D:7      | Slain by a skeletal warrior

Illustrated notes

Levels and vault maps discovered:
D:1:      dpeg_arrival_windows_large_door, layout_rooms, kennysheep_small_spiral
D:2:      layout_loops_ring, lemuel_doored_altar, nicolae_gozag_seed_capital,
          first_ration, makhleb_blood_cavern_becter
D:3:      layout_rooms, nemelex_dance_club_becter, uniq_terence, uniq_sigmund
D:4:      layout_loops_ring, minmay_fire_ice_demons
D:5:      layout_loops_corners, kennysheep_mini_moat, basic_altar, minivault_23
D:6:      minmay_razor_zed, layout_loops_ring, kennysheep_little_box,
          marbit_many_paths, uniq_maggie
D:7:      layout_gridville, kiku_gazebo_garden_becter, temple_hall, the_bakery

Skill      XL: |  1  2  3  4  5  6  7  8  9 |
---------------+----------------------------+-----
Fighting       | 4 5 6 7 8 9 |  9.7
Armour         | 3 4 5 6 8 9 |  9.4
Dodging        | 3 4 5 6 7 8 |  8.6
Axes           | |  3.6

Action                   |  1- 3 |  4- 6 |  7- 9 || total
-------------------------+-------+-------+-------++-------
Melee: Hand axe          |    78 |    76 |   111 ||   265
       Headbutt          |    13 |    10 |    26 ||    49
       Broad axe         |       |       |    36 ||    36
 Fire: Hunting sling     |       |    16 |   141 ||   157
Invok: Berserk           |       |     2 |     4 ||     6
       Trog's Hand       |       |       |     1 ||     1
  Use: Scroll            |       |       |     1 ||     1
 Stab: Sleeping          |       |     1 |       ||     1
  Eat: Chunk             |       |     6 |    15 ||    21
       Ration            |       |       |     1 ||     1
Armor: Animal skin       |    22 |    13 |     8 ||    43
       Chain mail        |       |       |    10 ||    10
       Steam dragon scal |       |       |    18 ||    18
Dodge: Dodged            |    73 |    57 |   139 ||   269
